 Dungeon Crawl Stone Soup version 0.17-a0-2217-ga280b8d (webtiles) character file.

89281 Ordine the Bludgeoner (level 15, -16/143 HPs)
             Began as a Minotaur Berserker on Oct 28, 2015.
             Was the Champion of Trog.
             Demolished by a titanic slime creature (21 damage)
             ... on level 14 of the Dungeon.
             The game lasted 01:24:49 (26726 turns).

Ordine the Bludgeoner (Minotaur Berserker)         Turns: 26726, Time: 01:24:49

Health: -16/143    AC: 29    Str: 29    XL:     15   Next: 48%
Magic:  4/4        EV: 13    Int:  4    God:    Trog [******]
Gold:   480        SH: 15    Dex: 12    Spells: 0 memorised, 14 levels left

rFire  . . .     SeeInvis +     L - +3 morningstar (antimagic)
rCold  . . .     Clarity  .     t - +0 plate armour
rNeg   . . .     SustAt   .     z - +0 shield
rPois  .         Gourm    .     F - +0 hat
rElec  .         Spirit   .     f - +2 cloak
rCorr  +         Warding  .     C - +2 pair of gloves {Dex+3}
rMut   .         Stasis   .     g - +0 pair of boots
MR     +....                    j - amulet of resist corrosion
Stlth  ..........               M - +5 ring of protection
                                r - ring of see invisible

@: exhausted, slowed, studying Throwing, very slow, somewhat resistant to
hostile enchantments, extremely unstealthy
A: retaliatory headbutt, horns 2
a: Berserk, Trog's Hand, Brothers in Arms, Burn Spellbooks, Renounce Religion


You were on level 14 of the Dungeon.
You worshipped Trog.
Trog was exalted by your worship.
You were very hungry.

You visited 4 branches of the dungeon, and saw 27 of its levels.
You also visited: Labyrinth, Ice Cave and Volcano.

You collected 2942 gold pieces.
You spent 2462 gold pieces at shops.

Inventory:

Hand Weapons
 L - a +3 antimagic morningstar (weapon)
Armour
 f - a +2 cloak (worn)
 g - a +0 pair of boots (worn)
 t - a +0 plate armour (worn)
 z - a +0 shield (worn)
 C - a +2 pair of gloves of dexterity (worn)
 F - a +0 hat (worn)
Jewellery
 i - an uncursed ring of poison resistance
 j - an amulet of resist corrosion (around neck)
 r - a ring of see invisible (left hand)
 s - an uncursed ring of flight
 u - the amulet of the Castellan {Clar rF- rN+ Int+6}
   (You found it on level 7 of the Lair of Beasts)

   [amulet of clarity]

   It provides mental clarity.
   It affects your intelligence (+6).
   It makes you vulnerable to fire.
   It protects you from negative energy.
 M - a +5 ring of protection (right hand)
 Q - an uncursed ring of sustain attributes
Wands
 D - a wand of teleportation (3)
 E - a wand of digging (1)
Scrolls
 b - 4 scrolls of enchant armour
 e - 9 scrolls of remove curse
 h - 3 scrolls of fear
 l - 5 scrolls of magic mapping
 m - 4 scrolls of enchant weapon
 n - 7 scrolls of teleportation
 p - 11 scrolls of identify
 y - 4 scrolls of blinking
 I - a scroll of fog
 K - a scroll of silence
Potions
 a - 3 potions of haste
 k - 9 potions of curing
 o - 2 potions of might
 v - 8 potions of agility
 x - 3 potions of cancellation
 G - 4 potions of flight
 H - 2 potions of resistance
 J - 2 potions of invisibility
 N - 6 potions of heal wounds
Books
 O - a manual of Throwing
Comestibles
 c - 16 bread rations
 d - 11 meat rations
 q - 3 chunks of flesh
 w - 5 beef jerkies
 A - 23 fruits
 B - 7 slices of pizza


   Skills:
 * Level 15.8 Fighting
 - Level 16.0 Maces & Flails
 + Level 13.3 Armour
 + Level 12.4 Dodging
 - Level 15.0 Shields


You had 14 spell levels left.
You didn't know any spells.

Dungeon Overview and Level Annotations

Branches:
Dungeon (14/15)            Temple (1/1) D:7            Lair (8/8) D:10
 Shoals (0/4) Lair:3        Snake (0/4) Lair:3        Slime (0/6) Lair:7
    Orc (4/4) D:10            Elf (0/3) Orc:3        Vaults (0/5) D:13

Altars:
Ashenzari
Cheibriados
Dithmenos
Elyvilon
Fedhas
Gozag
Kikubaaqudgha
Makhleb
Nemelex Xobeh
Okawaru
Qazlal
Ru
Sif Muna
Trog
Vehumet
Xom
Yredelemnul
Zin
The Shining One
Beogh
Jiyva

Shops:
D:8 %   D:11 (*}   D:13 ?   Orc:1 *   Orc:4 !::[

Portals:
Trove: D:10 (give 16 potions of curing)


Innate Abilities, Weirdness & Mutations

You reflexively headbutt those who attack you in melee.
You have a pair of horns on your head.


Message History

The titanic slime creature is heavily wounded.
You block the titanic slime creature's attack.
You hit the titanic slime creature.
The titanic slime creature is severely wounded.
You block the titanic slime creature's attack.
You completely miss the titanic slime creature.
You headbutt the titanic slime creature!
The titanic slime creature is severely wounded.
The titanic slime creature hits you!!!
You bludgeon the titanic slime creature!!
The titanic slime creature is severely wounded.
The titanic slime creature barely misses you.
You bludgeon the titanic slime creature!!
You headbutt the titanic slime creature.
The titanic slime creature is severely wounded.
The titanic slime creature hits you!!!
* * * LOW HITPOINT WARNING * * *
You block the titanic slime creature's attack.
The titanic slime creature hits you!!
You die...

....... .........#
....... .........#
....... .........+
....... .........#
....... #†# ###+### #.#
.# ##.# .# #J.# ##.#
####@###### #..#
#.........# ##.#####
#.........# .......#
###.........#
.......####....>......#
.......##...#.........#
..........###...........
.......#### #..........#
##.##### #.........##


You could see a titanic slime creature.

Vanquished Creatures
  Rupert (D:13)
  Gastronok (D:10)
  The ghost of Mulkerokala the Arsonist, a journeyman HuFE of Vehumet (D:11)
  The ghost of Ordine the Severer, a journeyman HOAK of Lugonu (Lair:1)
  A minotaur (Lab)
  7 hydras
  Erolcha (Orc:4)
  2 centaur warriors
  3 death yaks (Lair:6)
  An ogre mage (Orc:4)
  Sonja (D:13)
  2 fire crabs
  An unseen horror (D:10)
  4 ice statues
  Pikel (D:4)
  4 orc knights
  3 hill giants
  A griffon (Lair:5)
  A necromancer (IceCv)
  5 oklob plants
  A manticore (Volcano)
  A faun (shapeshifter) (D:13)
  A wolf spider (Lair:8)
  9 orc sorcerers
  3 elephants (Lair:5)
  A siren (Lair:3)
  A toenail golem (Volcano)
  Joseph (D:7)
  10 black mambas
  A guardian serpent (Lair:8)
  16 komodo dragons
  A black mamba (shapeshifter) (D:13)
  An efreet (D:13)
  4 fire drakes
  16 spiny frogs
  9 blink frogs
  7 blue devils (IceCv)
  A polar bear (Lair:4)
  3 trolls
  A raiju (shapeshifter) (D:13)
  A two-headed ogre (D:12)
  3 slime creatures (D:13)
  2 boulder beetles (Lair:5)
  5 deep elf magi
  A shadow (D:11)
  A wraith (D:11)
  8 wyverns
  53 yaks
  11 deep elf fighters
  5 basilisks
  A steam dragon (Lair:7)
  17 hippogriffs
  A fire elemental (Volcano)
  2 wargs (Orc:2)
  A human (D:8)
  5 hungry ghosts
  Menkaure (D:6)
  23 water moccasins
  2 mottled dragons
  2 nagas (Lair:3)
  14 wolves
  3 spiders (Lair:8)
  8 porcupines
  11 ice beasts
  Duvessa (D:6)
  2 phantoms
  A hell hound (Volcano)
  23 orc warriors
  6 sky beasts
  A black bear (D:10)
  4 wasps
  11 ogres
  An eye of draining (D:6)
  6 centaurs
  16 crocodiles
  18 giant frogs
  Blork the orc (D:6)
  4 big kobolds
  A gnoll sergeant (D:12)
  Dowan (D:6)
  5 scorpions
  4 killer bees (D:13)
  4 wights (D:6)
  A vampire bat (Lair:3)
  A lava snake (Lair:5)
  2 draconian simulacra (IceCv)
  4 electric eels
  5 crimson imps
  A giant frog zombie (D:7)
  4 jellies
  22 orc priests
  3 centaur zombies
  5 iguanas
  A gnoll shaman (D:9)
  47 orc wizards
  6 hounds
  10 worker ants
  2 centaur simulacra (IceCv)
  2 troll simulacra (IceCv)
  7 sheep
  A spriggan simulacrum (IceCv)
  A hound skeleton (D:4)
  A worker ant zombie (D:5)
  19 gnolls
  14 adders
  50 river rats
  An ogre simulacrum (IceCv)
  2 naga simulacra (IceCv)
  A shadow imp (D:9)
  An ooze (D:2)
  3 worms
  2 adder skeletons
  3 giant geckos
  207 orcs
  4 giant cockroaches
  13 hobgoblins
  12 jackals
  22 kobolds
  2 quokkas
  A ball python (D:1)
  24 bats
  A giant gecko skeleton (D:4)
  6 giant newts
  6 goblins
  2 quokka skeletons
  11 rats
  2 fungi
956 creatures vanquished.

Vanquished Creatures (collateral kills)
  2 death yaks (Lair:6)
  An ice devil (IceCv)
  An ice statue (IceCv)
  A manticore (Volcano)
  A porcupine (Lair:6)
  A fungus (Lair:6)
7 creatures vanquished.

Vanquished Creatures (others)
  An orc priest (D:4)
  3 orc wizards
  4 orcs
  18 fungi
  5 plants
31 creatures vanquished.

Grand Total: 994 creatures vanquished

Notes
Turn   | Place    | Note
--------------------------------------------------------------
     0 | D:1      | Ordine the Minotaur Berserker began the quest for the Orb.
     0 | D:1      | Reached XP level 1. HP: 19/19 MP: 0/0
    31 | D:1      | Reached skill level 4 in Maces & Flails
    64 | D:1      | Reached XP level 2. HP: 13/26 MP: 1/1
   617 | D:2      | Reached ** piety under Trog
   777 | D:2      | Reached skill level 5 in Maces & Flails
   778 | D:2      | Found a faded altar to an unknown god.
   797 | D:2      | Found a stormy altar of Qazlal.
   847 | D:2      | Reached XP level 3. HP: 31/31 MP: 2/2
   885 | D:2      | Found a sacrificial altar of Ru.
  1157 | D:2      | Found an opulent altar of Gozag.
  1157 | D:2      | Found a glowing golden altar of the Shining One.
  1348 | D:3      | Reached XP level 4. HP: 37/39 MP: 3/3
  1495 | D:3      | Reached skill level 6 in Maces & Flails
  1861 | D:4      | Reached *** piety under Trog
  1865 | D:4      | Reached skill level 7 in Maces & Flails
  1865 | D:4      | Reached XP level 5. HP: 45/45 MP: 4/4
  1981 | D:4      | Noticed Pikel
  1981 | D:4      | Noticed a slave
  1981 | D:4      | Noticed a slave
  1982 | D:4      | Noticed a slave
  1982 | D:4      | Noticed a slave
  1991 | D:4      | Killed Pikel
  1991 | D:4      | Reached skill level 10 in Maces & Flails
  1991 | D:4      | Reached XP level 6. HP: 51/51 MP: 5/5
  1991 | D:4      | Reached XP level 7. HP: 57/57 MP: 6/6
  2515 | D:5      | Entered Level 5 of the Dungeon
  2521 | D:5      | Reached skill level 11 in Maces & Flails
  3082 | D:6      | Reached XP level 8. HP: 64/64 MP: 7/7
  3096 | D:6      | Found a bloodstained altar of Trog.
  3182 | D:6      | Found a radiant altar of Vehumet.
  3185 | D:6      | Found a burning altar of Makhleb.
  3185 | D:6      | Found a blossoming altar of Fedhas.
  3206 | D:6      | Found a basalt altar of Yredelemnul.
  3244 | D:6      | Noticed Blork the orc
  3253 | D:6      | Killed Blork the orc
  3485 | D:6      | Reached skill level 12 in Maces & Flails
  3536 | D:6      | Found a bloodstained altar of Trog.
  3626 | D:6      | Reached **** piety under Trog
  3626 | D:6      | Reached skill level 13 in Maces & Flails
  3890 | D:6      | Reached XP level 9. HP: 63/70 MP: 8/8
  4009 | D:6      | Noticed Dowan
  4010 | D:6      | Noticed Duvessa
  4011 | D:6      | Noticed Menkaure
  4015 | D:6      | Killed Menkaure
  4015 | D:6      | Reached skill level 14 in Maces & Flails
  4017 | D:6      | Killed Duvessa
  4022 | D:6      | Killed Dowan
  4097 | D:6      | Found a shadowy altar of Dithmenos.
  4181 | D:7      | Noticed Joseph
  4200 | D:7      | Killed Joseph
  4321 | D:7      | Reached skill level 15 in Maces & Flails
  4614 | D:7      | Found a staircase to the Ecumenical Temple.
  4633 | Temple   | Entered the Ecumenical Temple
  5491 | D:8      | You fall through a shaft for 3 floors!
  5621 | D:11     | Reached skill level 16 in Maces & Flails
  5639 | D:11     | Found Yboel's Antique Weapon Boutique.
  5703 | D:11     | Reached skill level 1 in Shields
  5740 | D:10     | Entered Level 10 of the Dungeon
  5745 | D:9      | Found an iron altar of Okawaru.
  5854 | D:8      | Reached XP level 10. HP: 58/78 MP: 9/9
  6219 | D:8      | Found Bor Ises's Food Emporium.
  6266 | D:8      | Found a burning altar of Makhleb.
  6803 | D:9      | Noticed an ice statue
  6906 | D:9      | Reached skill level 5 in Fighting
  7251 | D:9      | Noticed a centaur warrior
  7266 | D:9      | Killed a centaur warrior
  7266 | D:9      | Reached skill level 5 in Shields
  7317 | D:9      | Reached skill level 5 in Armour
  7636 | D:9      | Killed an ice statue
  7636 | D:9      | Reached skill level 5 in Dodging
  7965 | D:10     | Reached ***** piety under Trog
  8057 | D:10     | Reached XP level 11. HP: 36/89 MP: 10/10
  8473 | D:10     | Found a staircase to the Lair.
  8792 | D:10     | Received a gift from Trog
  8816 | D:10     | Noticed Gastronok
  8827 | D:10     | Killed Gastronok
  8858 | D:10     | Found a portal to a secret trove of treasure.
  9205 | D:10     | Noticed an unseen horror
  9209 | D:10     | Killed an unseen horror
  9209 | D:10     | Received a gift from Trog
  9243 | D:10     | Found a staircase to the Orcish Mines.
  9422 | Lair:1   | Entered Level 1 of the Lair of Beasts
  9542 | Lair:1   | Noticed Ordine's ghost (journeyman HOAK)
  9561 | Lair:1   | Killed Ordine's ghost
  9781 | Lair:1   | Reached skill level 10 in Shields
 10334 | Lair:1   | Reached XP level 12. HP: 80/103 MP: 11/11
 10837 | Lair:2   | Found a dark tunnel.
 10844 | Volcano  | Entered a volcano
 11956 | Lair:3   | Found a staircase to the Snake Pit.
 12594 | Lair:3   | Noticed an eight-headed hydra
 12600 | Lair:3   | Killed an eight-headed hydra
 12763 | Lair:3   | Received a gift from Trog
 13023 | Lair:3   | Found a staircase to the Shoals.
 13492 | Lair:4   | Noticed a five-headed hydra
 13497 | Lair:4   | Killed a five-headed hydra
 14124 | Lair:4   | Reached XP level 13. HP: 108/113 MP: 12/12
 14127 | Lair:4   | Reached skill level 10 in Fighting
 15067 | Lair:5   | Reached skill level 10 in Armour
 15352 | Lair:6   | Received a gift from Trog
 15870 | Lair:6   | Received a gift from Trog
 16356 | Lair:7   | Found a staircase to the Slime Pits.
 16356 | Lair:7   | Found a viscous altar of Jiyva.
 16366 | Lair:7   | Reached skill level 10 in Dodging
 16406 | Lair:7   | Got a slimy ivory amulet
 16407 | Lair:7   | Identified the amulet of the Castellan {Clar rF- rN+ Int+6} (You found it on level 7 of the Lair of Beasts)
 17066 | Lair:7   | Reached skill level 15 in Shields
 17111 | Lair:7   | Reached XP level 14. HP: 120/124 MP: 4/13
 17541 | Lair:8   | Entered Level 8 of the Lair of Beasts
 17740 | Lair:8   | Found a frozen archway.
 17746 | Lair:8   | Received a gift from Trog
 17792 | IceCv    | Entered an ice cave
 19439 | Lair:8   | Received a gift from Trog
 20600 | Orc:1    | Entered Level 1 of the Orcish Mines
 20859 | Orc:2    | Found a roughly hewn altar of Beogh.
 20882 | Orc:2    | Reached ****** piety under Trog
 20886 | Orc:2    | Received a gift from Trog
 21030 | Orc:1    | Found Tonuasue's Tempting Trifles.
 21224 | Orc:3    | Found a staircase to the Elven Halls.
 21292 | Orc:3    | Found a roughly hewn altar of Beogh.
 21385 | Orc:3    | Received a gift from Trog
 22174 | Orc:4    | Entered Level 4 of the Orcish Mines
 22225 | Orc:4    | Found a roughly hewn altar of Beogh.
 22771 | Orc:4    | Received a gift from Trog
 22774 | Orc:4    | Got a jewelled morningstar {god gift}
 22786 | Orc:4    | Identified the +6 morningstar of Icuplelost {crush, rPois MR- Int+4} (Trog gifted it to you on level 4 of the Orcish Mines)
 22892 | Orc:4    | Paralysed by an orc sorcerer for 3 turns
 23088 | Orc:4    | Gained mutation: You occasionally shout uncontrollably at your foes. [a neqoxec]
 23129 | Orc:4    | Found Latz's Distillery.
 23158 | Orc:4    | Found a radiant altar of Vehumet.
 23159 | Orc:4    | Noticed Erolcha
 23165 | Orc:4    | Killed Erolcha
 23167 | Orc:4    | Reached XP level 15. HP: 139/139 MP: 4/14
 23177 | Orc:4    | Found Hyosu's Book Emporium.
 23211 | Orc:4    | Found an ancient bone altar of Kikubaaqudgha.
 23282 | Orc:4    | Found a roughly hewn altar of Beogh.
 23282 | Orc:4    | Found Bopeh's Book Shoppe.
 23301 | Orc:4    | Found Ilif Nas's Antique Armour Shoppe.
 23421 | Orc:4    | Bought a potion of heal wounds for 60 gold pieces
 23421 | Orc:4    | Bought a potion of invisibility for 96 gold pieces
 23421 | Orc:4    | Bought 2 potions of heal wounds for 120 gold pieces
 23421 | Orc:4    | Bought a potion of cancellation for 96 gold pieces
 23421 | Orc:4    | Bought a potion of curing for 36 gold pieces
 23421 | Orc:4    | Bought a potion of might for 48 gold pieces
 23523 | Orc:1    | Bought a manual of Throwing for 1324 gold pieces
 23801 | D:11     | Noticed Mulkerokala's ghost (journeyman HuFE)
 23819 | D:11     | Killed Mulkerokala's ghost
 23833 | D:11     | Found Lamuif's Gadget Emporium.
 23926 | D:11     | Noticed a hill giant
 23933 | D:11     | Killed a hill giant
 23963 | D:11     | Found Iryawk's Assorted Antiques.
 23983 | D:11     | Bought a glowing morningstar for 108 gold pieces
 23983 | D:11     | Bought a scroll of identify for 54 gold pieces
 23983 | D:11     | Bought a scroll of identify for 54 gold pieces
 23983 | D:11     | Bought a small onyx ring for 135 gold pieces
 24111 | D:12     | Found a labyrinth entrance.
 24138 | Lab      | Entered a labyrinth
 24537 | Lab      | Reached skill level 15 in Fighting
 24903 | Lab      | Received a gift from Trog
 25613 | D:13     | Noticed Rupert
 25616 | D:13     | Paralysed by Rupert for 7 turns
 25636 | D:13     | Killed Rupert
 25679 | D:13     | Noticed Sonja
 25697 | D:13     | Killed Sonja
 25846 | D:13     | Lost mutation: You occasionally shout uncontrollably at your foes. [potion of cure mutation]
 25926 | D:13     | Found Fiuw's Magic Scroll Shoppe.
 25936 | D:13     | Bought a scroll of enchant weapon for 127 gold pieces
 25936 | D:13     | Bought a scroll of identify for 34 gold pieces
 25936 | D:13     | Bought a scroll of identify for 34 gold pieces
 25936 | D:13     | Bought a scroll of identify for 34 gold pieces
 25936 | D:13     | Bought a scroll of identify for 34 gold pieces
 25936 | D:13     | Bought 2 scrolls of identify for 68 gold pieces
 26370 | D:13     | Found a gate to the Vaults.
 26406 | D:13     | Received a gift from Trog
 26620 | D:14     | Got an encrusted rapier
 26621 | D:14     | Identified the +8 rapier of Ashenzari's Hatred {pierce, rC+} (You found it on level 14 of the Dungeon)
 26723 | D:14     | HP: 3/143 [titanic slime creature (59)]
 26726 | D:14     | Demolished by a titanic slime creature

Vault maps used:
D:1:      tarquinn_simple_flora_water_e
D:2:      nicolae_ru_the_path_less_chosen, gammafunk_temple_overflow_pools,
          ecumenical_altar_2, minmay_misc_feat_more_columns,
          minmay_fountain_box, nicolae_qazlal_general_emergency
D:4:      serial_glass, glass_columns_b, glass_columns_b, glass_columns_c,
          glass_columns_a, glass_columns_a, glass_columns_c, uniq_pikel
D:5:      first_bread, corexii_hall_statues_i
D:6:      grunt_temple_overflow_open, old_standard_altar, basic_altar,
          trog_eyes_of_draining, uniq_duvessa, uniq_menkaure, uniq_blork_the_orc
D:7:      minmay_temple_entry_junction, uniq_joseph
D:8:      serial_shops, shop, basic_altar, grunt_livestock
D:9:      minmay_statue_hallways, basic_altar
D:10:     grunt_lair_entry_elf_guard_hut, erik_orc_2, enter_trove_1,
          uniq_gastronok
D:11:     serial_shops, shop, shop, shop, lemuel_old_faithful
D:12:     cheibrodos_orc_bank, lab_entry_generic
D:13:     david_vaults_2, serial_shops, shop, uniq_rupert, uniq_sonja
D:14:     dk_noncrumbling_4
Temple:   triangle_lava_temple_11
Lair:1:   beast_lair_carwin_2, lemuel_fruit_tree, grunt_megastairs_3
Lair:2:   nicolae_volcano_entry_s_turn, serial_bayou_shore_b
Lair:3:   dpeg_oklob_gauntlet, minmay_shoals_entry_lonely_mermaid,
          guppyfry_snake_entry_island, roderic_batcave, lemuel_fruit_fields
Lair:4:   serial_bayou_pond_a, mumra_transporter_accident, serial_bayou_pond_e,
          beast_lair_carwin_10
Lair:5:   boulder_dual_corridor_run, grunt_megastairs_2
Lair:7:   slime_altar_1, guppyfry_lair_drakes
Lair:8:   hangedman_lair_tendril_chambers, portal_ice_cave_entry_ice_beasts,
          lemuel_fruit_fields
Orc:1:    nicolae_alphabet_shops
Orc:2:    basic_altar, abandoned_shop
Orc:3:    basic_altar, nicolae_orc_pool_cavern
Orc:4:    kennysheep_orc_mage_school, basic_altar, elves_outpost_lemuel
Lab:      nicolae_lab_dead_adventurers, nicolae_lab_arrow, nicolae_lab_stuck,
          labyrinth_glass_1, nicolae_lab_x, nicolae_lab_do_over,
          nicolae_lab_flowing_pool
IceCv:    ice_cave_tombish
Volcano:  volcano_pools

Action                   |  1- 3 |  4- 6 |  7- 9 | 10-12 | 13-15 || total
-------------------------+-------+-------+-------+-------+-------++-------
Melee: Mace              |    75 |    47 |   128 |       |       ||   250
       Whip              |       |       |    45 |       |       ||    45
       Morningstar       |       |       |   131 |   828 |  1613 ||  2572
Invok: Berserk           |     1 |     2 |     6 |    11 |    17 ||    37
       Trog's Hand       |       |     1 |     3 |     4 |     9 ||    17
       Burn Spellbooks   |       |       |     3 |       |     4 ||     7
       Brothers in Arms  |       |       |       |     3 |     4 ||     7
Evoke: Wand              |       |       |       |     1 |       ||     1
  Use: Scroll            |    11 |     3 |    10 |    10 |    18 ||    52
       Potion            |       |       |       |     3 |     3 ||     6
 Stab: Invisible         |       |       |       |     1 |       ||     1
  Eat: Chunk             |     2 |     4 |    18 |    37 |    50 ||   111
       Fruit             |       |       |     1 |       |     1 ||     2
       Beef jerky        |       |       |       |     2 |     2 ||     4
       Bread ration      |       |       |       |       |     1 ||     1
       Royal jelly       |       |       |       |       |     2 ||     2
       Pizza             |       |       |       |       |     2 ||     2
